 Dungeon Crawl Stone Soup version 0.28.0-47-ge53b351184 (webtiles) character file.

Game seed: 8611350237693943584

29 seaoflcl the Skirmisher (level 3, -3/29 HPs)
             Began as a Human Fighter on May 2, 2022.
             Slain by a worm (4 damage)
             ... on level 2 of the Dungeon.
             The game lasted 00:01:20 (1627 turns).

seaoflcl the Skirmisher (Human Fighter)             Turns: 1627, Time: 00:01:21

Health: -3/29      AC:  6    Str: 18    XL:     3   Next: 32%
Magic:  3/3        EV:  9    Int:  8    God:
Gold:   63         SH:  4    Dex: 12    Spells: 2/2 levels left

rFire   . . .      SeeInvis .   a - +0 long sword
rCold   . . .      Faith    .   c - +0 buckler
rNeg    . . .      Spirit   .   b - +0 scale mail
rPois   .          Reflect  .   (no helmet)
rElec   .          Harm     .   (no cloak)
rCorr   .          Rampage  .   (no gloves)
Will    .....                   (no boots)
Stlth   ..........              (no amulet)
HPRegen 0.09/turn               (no ring)
MPRegen 0.08/turn               (no ring)

@: lethally poisoned (-3 -> -6)
A: no striking features
a: no special abilities


You were on level 2 of the Dungeon.
You visited 1 branch of the dungeon, and saw 2 of its levels.

You collected 63 gold pieces.

Inventory:

Hand Weapons
 a - a +0 long sword (weapon)
 f - a +0 short sword
Missiles
 h - 3 javelins (quivered)
Armour
 b - a +0 scale mail (worn)
 c - a +0 buckler (worn)
Scrolls
 e - a scroll of teleportation {unknown}
Potions
 d - 2 potions of might
 g - a potion of heal wounds {unknown}


   Skills:
 + Level 3.3 Fighting
 + Level 2.4 Long Blades
 + Level 3.3 Armour
 + Level 3.3 Shields


You had 2 spell levels left.
You didn't know any spells.
Your spell library was empty.

Dungeon Overview and Level Annotations

Branches:
Dungeon (2/15)

Altars:


Message History

You barely miss the adder. The adder bites you.
You barely miss the adder. The adder bites you. The adder closely misses you.
You closely miss the adder. The adder bites you. x2
You closely miss the adder. The adder bites you.
You slash the adder!
The adder is almost dead.
You block the adder's attack. The adder bites you.
You are poisoned.
The adder poisons you!
You are too injured to fight recklessly!
You are too injured to fight recklessly!
There are monsters nearby!
You are too injured to fight recklessly!
You miss the adder.
The adder is almost dead.
You feel sick. You block the adder's attack. The adder bites you.
You are lethally poisoned!
The adder poisons you!
You barely miss the adder.
The adder is almost dead.
* * * LOW HITPOINT WARNING * * *
You feel very sick.
The adder bites you but does no damage. x2
The worm bites you but does no damage.
You hit the adder but do no damage.
The adder is almost dead.
* * * LOW HITPOINT WARNING * * *
You feel sick. The adder barely misses you.
The worm bites you but does no damage.
You barely miss the adder.
The adder is almost dead.
* * * LOW HITPOINT WARNING * * *
You feel sick. The adder bites you.
* * * LOW HITPOINT WARNING * * *
The adder barely misses you.
You hit the adder.
You kill the adder!
* * * LOW HITPOINT WARNING * * *
You feel sick. The worm bites you.
You die...

#.####### #.#.....#
#.#.###.#####+#
#.#.........#.#
#######.#####.##.##.#
#......†......##.##.#
#......#########.##.#
#......# #.##.###
#.....@# #......#
#....w†# #######.##.#
.........
#....##.##.#
.#......##
#..>....##.# #.......
#.#..#####.# #.#####.
#.....# #.# #. .
#.#.#.####.# # .. #
#.#...##.# #.#.#.##.#


You could see a worm.

Vanquished Creatures
  An adder (D:2)
  3 giant cockroaches
  2 hobgoblins
  4 jackals (D:1)
  5 kobolds
  A quokka (D:1)
  4 ball pythons
  3 bats
  A frilled lizard (D:1)
  A goblin (D:1)
  A rat (D:2)
26 creatures vanquished.

Notes
Turn   | Place    | Note
-------+----------+-------------------------------------------
     0 | D:1      | seaoflcl the Human Fighter began the quest for the Orb.
     0 | D:1      | Reached XP level 1. HP: 18/18 MP: 1/1
   222 | D:1      | Found a faded altar of an unknown god.
   307 | D:1      | Reached XP level 2. HP: 19/24 MP: 2/2
  1437 | D:2      | Reached XP level 3. HP: 29/29 MP: 3/3
  1627 | D:2      | HP: 1/29 [poisoned by an adder]
  1627 | D:2      | Slain by a worm

Illustrated notes

Levels and vault maps discovered:
D:1:      minmay_arrival_stone_box, layout_basic, serial_rivers,
          chequers_serial_rivers_large_a, chequers_serial_rivers_micro_a,
          chequers_serial_rivers_room_a, chequers_serial_rivers_micro_c,
          hellmonk_ecumenical_altar_heavens_door, feat_on_display
D:2:      layout_basic

Action                   || total
-------------------------++-------
Melee: Long sword        ||    93
Armor: Scale mail        ||    79
Dodge: Dodged            ||    80
Block: Buckler           ||    23
